 Dungeon Crawl Stone Soup version 0.19-a0-38-ga776ef0 (webtiles) character file.

151 Eucla the Skirmisher (level 5, -4/45 HPs)
             Began as a Hill Orc Wanderer on May 4, 2016.
             Was an Initiate of Yredelemnul.
             Slain by smazza's ghost (10 damage)
             ... on level 3 of the Dungeon.
             The game lasted 00:09:07 (3799 turns).

Eucla the Skirmisher (Hill Orc Wanderer)            Turns: 3799, Time: 00:09:08

Health: -4/45      AC:  7    Str: 11 (14) XL:     5   Next: 33%
Magic:  5/5        EV:  9    Int:  9      God:    Yredelemnul [......]
Gold:   166        SH:  2    Dex: 15      Spells: 0 memorised, 4 levels left

rFire  + . .     SeeInvis .     u - +0 trident
rCold  . . .     Gourm    .     i - +0 scale mail (curse)
rNeg   . . .     Faith    .     (no shield)
rPois  +         Spirit   .     q - +0 helmet
rElec  .         Dismiss  .     (no cloak)
rCorr  .         Reflect  +     (no gloves)
SustAt .         Harm     .     (no boots)
MR     .....                    e - +2 amulet of reflection
Stlth  +.........               (no ring)
                                o - ring of poison resistance

@: not resistant to hostile enchantments, very unstealthy
A: fire resistance 1, mutation resistance 1, subdued magic 1
a: Renounce Religion


You were on level 3 of the Dungeon.
You worshipped Yredelemnul.
Yredelemnul was noncommittal.
You were not hungry.

You visited 1 branch of the dungeon, and saw 4 of its levels.

You collected 166 gold pieces.

Inventory:

Hand Weapons
 d - a +0 dagger
 n - a +0 whip
 u - a +0 trident (weapon)
Armour
 c - a +0 robe
 i - a cursed +0 scale mail (worn)
 p - a +0 chain mail
 q - a +0 helmet (worn)
Jewellery
 e - a +2 amulet of reflection (around neck)
 k - an uncursed ring of fire
 o - a ring of poison resistance (left hand)
 w - an uncursed ring of fire
Wands
 j - a wand of acid (6/15)
Scrolls
 a - 2 scrolls of fear
 b - a scroll of fog {unknown}
 g - 3 scrolls of identify {unknown}
 h - a scroll of enchant weapon {unknown}
 l - a scroll of enchant armour {unknown}
 s - a scroll of noise {unknown}
Potions
 m - a potion of mutation
Comestibles
 f - a bread ration
 r - a meat ration


   Skills:
 + Level 3.4 Fighting
 * Level 1.0 Polearms
 - Level 1.0 Throwing
 + Level 2.3 Armour
 - Level 2.6 Dodging
 - Level 2.4 Stealth
   Level 1.1 Shields
 - Level 3.2 Unarmed Combat


You had 4 spell levels left.
You didn't know any spells.

Dungeon Overview and Level Annotations

Branches:
Dungeon (4/15)
 Temple: D:4-7

Altars:
Vehumet
Yredelemnul

Annotations:
D:3 smazza's ghost, amateur GrGl


Innate Abilities, Weirdness & Mutations

Your flesh is heat resistant.
You are somewhat resistant to further mutation.
Your spells are a little easier to cast, but a little less powerful.


Message History

The ogre is lightly wounded.
The ogre barely misses you.
You barely miss the ogre.
The ogre is lightly wounded.
There is a stone staircase leading up here.
The ogre hits you with a giant spiked club!!
Ouch! That really hurt!
* * * LOW HITPOINT WARNING * * *
You climb upwards.
Level annotation: smazza's ghost, amateur GrGl
There is a stone staircase leading down here.
Unknown command.
The ogre hits you with a giant spiked club.
* * * LOW HITPOINT WARNING * * *
Unknown command.
Smazza's ghost turns its malevolent gaze towards you.
Smazza's ghost shouts, "To die, to sleep, no more."
Smazza's ghost hits you!
You die...
Your body rises from the dead as a mindless zombie.

###.###..###.........####...##.#
.#...#...# ##.......## ##.###.#
........## ##.....## ###...#
##..##### ##...## #.### ##.#
##'## #.# #.# #.# #.# #†# #.####
#.# #.# ######.##.## #.# #.#
#.....@..#.## #.# #.#
#.#...W...#.# #.# #.#
#.#.....O..## #.#
#.#######.##.#..#.########.#
#............#..#..........#
#########.####..############
#.......# ######.## #.#


You could see an ogre and smazza's ghost.

Vanquished Creatures
  A centaur skeleton (D:3)
  Jessica (D:3)
  2 adders (D:2)
  3 worms
  2 dart slugs (D:1)
  2 giant geckos (D:2)
  9 bats
  3 giant cockroaches
  10 goblins
  5 hobgoblins (D:1)
  11 kobolds
  2 quokkas
  6 giant newts
  7 rats
64 creatures vanquished.

Notes
Turn   | Place    | Note
--------------------------------------------------------------
     0 | D:1      | Eucla the Hill Orc Wanderer began the quest for the Orb.
     0 | D:1      | Eucla set off with: 2 scrolls of fear, 2 potions of curing, a +0 robe, a +0 dagger, a bread ration
     0 | D:1      | Reached XP level 1. HP: 16/16 MP: 1/1
    83 | D:1      | Reached XP level 2. HP: 5/24 MP: 2/2
   519 | D:1      | Reached XP level 3. HP: 18/29 MP: 3/3
  1021 | D:2      | Reached skill level 1 in Armour
  1610 | D:2      | Reached XP level 4. HP: 34/37 MP: 4/4
  1755 | D:3      | Noticed smazza's ghost (amateur GrGl)
  1928 | D:2      | Gained mutation: Your flesh is heat resistant. [potion of mutation]
  1928 | D:2      | Gained mutation: Your spells are a little easier to cast, but a little less powerful. [potion of mutation]
  1928 | D:2      | Gained mutation: You are somewhat resistant to further mutation. [potion of mutation]
  2731 | D:3      | Found a radiant altar of Vehumet.
  2780 | D:3      | Found a basalt altar of Yredelemnul.
  2790 | D:3      | Reached XP level 5. HP: 37/45 MP: 5/5
  2805 | D:3      | Became a worshipper of Yredelemnul the Dark
  2962 | D:3      | Noticed Jessica
  2975 | D:3      | Killed Jessica
  3151 | D:3      | HP: 1/45 [smazza's ghost (7)]
  3157 | D:3      | HP: 1/45 [smazza's ghost (1)]
  3159 | D:2      | Reached skill level 1 in Polearms
  3760 | D:4      | Noticed an ogre
  3773 | D:3      | HP: 2/45 [ogre/giant spiked club (2)]
  3799 | D:3      | Slain by smazza's ghost

Vault maps used:
D:1:      erik_arrival_cave_to_civilisation, dk_noncrumbling_3
D:3:      vehumet_crystals, yredelemnul_altar_generic, uniq_jessica
D:4:      kennysheep_kobold_camp, serial_shops, shop_coins, amalloy_card_club

Skill      XL: |  1  2  3  4  5 |
---------------+----------------+-----
Fighting       | 2 3 |  3.4
Dodging        | 2 |  2.6
Armour         | 1 2 |  2.3
Polearms       | 1 |  1.0
Throwing       | |  1.0
Stealth        | |  2.4
Shields        | |  1.1
Unarmed Combat | |  3.2

Action                   |  1- 3 |  4- 6 || total
-------------------------+-------+-------++-------
Melee: Dagger            |    94 |       ||    94
       Punch             |     4 |     1 ||     5
       Whip              |   145 |    53 ||   198
       Trident           |       |    97 ||    97
  Use: Potion            |     1 |    17 ||    18
 Stab: Sleeping          |     1 |       ||     1
       Invisible         |       |     3 ||     3
  Eat: Chunk             |     2 |     1 ||     3
       Meat ration       |       |     1 ||     1
       Beef jerky        |       |     1 ||     1
Armor: Robe              |    12 |       ||    12
       Scale mail        |    92 |    49 ||   141
       Skin              |       |    13 ||    13
Dodge: Dodged            |   169 |    53 ||   222
Block: Other             |    21 |    10 ||    31
       Reflection        |     1 |     1 ||     2
